 Dungeon Crawl Stone Soup version 0.30.0-10-gfe55d96785 (webtiles) character file.

Game seed: 17598018875932727687

900 AlmostDecent the Skirmisher (level 8, -3/60 HPs)
             Began as a Formicid Hunter on May 14, 2023.
             Slain by an ogre
             ... wielding a +0 giant club
              (35 damage)
             ... on level 5 of the Dungeon.
             The game lasted 00:11:24 (3491 turns).

AlmostDecent the Skirmisher (Formicid Hunter)       Turns: 3491, Time: 00:11:25

Health: -3/60      AC:  4    Str: 22    XL:     8   Next: 28%
Magic:  8/8        EV: 12    Int:  9    God:
Gold:   217        SH:  0    Dex: 19    Spells: 7/7 levels left

rFire   + . .        a - +0 shortbow
rCold   + . .        (no shield)
rNeg    . . .        c - +0 leather armour
rPois   .            (helmet unavailable)
rElec   .            k - scarf {rC+ rF+}
rCorr   .            (no gloves)
SInv    +            f - +0 pair of boots
Will    .....        (no amulet)
Stlth   ++           j - +6 ring of strength
HPRegen 0.30/turn    (no ring)
MPRegen 0.11/turn

%: no passive effects
@: no status effects
A: permanent stasis, dig shafts and tunnels, antennae 3, four strong arms
a: Dig, Shaft Self


You were on level 5 of the Dungeon.
You visited 1 branch of the dungeon, and saw 5 of its levels.
You also visited: Sewer.

You collected 217 gold pieces.

Inventory:

Hand Weapons
 a - a +0 shortbow (weapon)
 r - the +9 dire flail of Doquasai {heavy, rPois rC+}
   (You found it on level 3 of the Dungeon)

   rC:        It protects you from cold.
   rPois:     It protects you from poison.
Missiles
 g - 2 throwing nets
Armour
 c - a +0 leather armour (worn)
 f - a +0 pair of boots (worn)
 k - a scarf of resistance (worn)
Jewellery
 j - a +6 ring of strength (left hand)
 s - a +5 ring of evasion
Wands
 y - a wand of polymorph (11)
 B - a wand of light (13)
Scrolls
 b - 2 scrolls of immolation
 h - 2 scrolls of amnesia {unknown}
 l - a scroll of enchant armour {unknown}
 m - a scroll of blinking {unknown}
 n - a scroll of noise {unknown}
 o - a scroll of vulnerability {unknown}
 p - 3 scrolls of identify {unknown}
 q - 2 scrolls of teleportation {unknown}
 w - a scroll of fog {unknown}
 z - a scroll of summoning {unknown}
Potions
 d - 4 potions of haste
 e - a potion of attraction
 i - 2 potions of degeneration {unknown}
 t - 2 potions of cancellation {unknown}
 u - 2 potions of heal wounds {unknown}
 v - a potion of brilliance {unknown}
 x - a potion of might {unknown}
 A - a potion of resistance {unknown}


   Skills:
 + Level 4.2 Fighting
 + Level 8.5 Ranged Weapons
 + Level 2.5 Armour
 + Level 2.3 Dodging
 + Level 2.1 Stealth


You had 7 spell levels left.
You didn't know any spells.
Your spell library contained the following spells:

 Spells                   Type           Power      Damage    Failure   Level
 Freeze                   Ice            0%         1d3       43%         1
 Frozen Ramparts          Ice            0%         1d1       80%         3
 Hailstorm                Conj/Ice       0%         3d3       80%         3
 Tukima's Dance           Hex            0%         N/A       80%         3
 Manifold Assault         Tloc           0%         N/A       99%         4
 Passage of Golubria      Tloc           0%         N/A       99%         4
 Yara's Violent Unravell  Hex/Tmut       0%         3d3       100%        5
 Dispersal                Tloc           0%         N/A       100%        6
 Disjunction              Tloc           0%         N/A       100%        8


Dungeon Overview and Level Annotations

Branches:
Dungeon (5/15)              Sewer (visited)
 Temple: D:4-7

Altars:
Elyvilon
Hepliaklqana

Shops:
D:5 *


Innate Abilities, Weirdness & Mutations

You cannot be hasted, slowed, berserked, paralysed or teleported.
You can dig through walls and to a lower floor.
You have a pair of large antennae on your head. (SInv)
Your four strong arms can wield two-handed weapons with a shield.


Message History

You kill the ice beast!
You shoot an arrow. The arrow closely misses the hound.
The hound barely misses you.
You shoot an arrow. The arrow closely misses the hound.
The hound closely misses you. The hound bites you.
You shoot an arrow. The arrow barely misses the hound.
The hound misses you.
You shoot an arrow. The arrow hits the hound!
The hound is heavily wounded.
The hound barely misses you. The hound closely misses you.
You shoot an arrow. The arrow barely misses the hound.
The hound closely misses you.
You shoot an arrow. The arrow closely misses the hound.
The hound bites you.
An ogre comes into view. It is wielding a +0 giant club.
The hound misses you.
The ogre moves out of view.
You shoot an arrow. The arrow barely misses the hound.
The hound bites you. The hound barely misses you.
You shoot an arrow. The arrow closely misses the hound.
The arrow hits the ogre.
The ogre is lightly wounded.
The hound bites you.
You shoot an arrow. The arrow completely misses the hound.
The arrow hits the ogre.
The ogre is moderately wounded.
The hound closely misses you. x2
You shoot an arrow. The arrow hits the hound.
The hound is severely wounded.
The hound bites you. The hound closely misses you.
You shoot an arrow.
The arrow hits the hound but does no damage.
The hound is severely wounded.
The hound closely misses you.
You shoot an arrow. The arrow barely misses the hound.
The arrow hits the ogre!
The ogre is severely wounded.
The hound bites you. x2
You shoot an arrow. The arrow hits the hound!
You kill the hound!
You shoot an arrow. The arrow barely misses the ogre.
The ogre hits you with a +0 giant club!!
Ouch! That really hurt!
You die...

.# .## ..... ..# ... .##
### ... .#####.#... ...
.........#### #.#
.#####......# #.#
.......#....# #O#
.......#....# ##@#####
.......##<..###......##
.......#....##........##
............#..........#
.......##...#..........#
.......##...#..........#
............#..........#
###########.#..........#
#...........##


You could see an ogre.

Vanquished Creatures
  A water moccasin (D:5)
  An ice beast (D:5)
  3 scorpions
  A howler monkey (D:5)
  3 hounds
  5 jellies
  2 orc priests (D:3)
  6 adders
  A white imp (D:5)
  3 worms
  12 orcs
  17 endoplasms
  5 giant cockroaches
  5 goblins
  7 hobgoblins
  8 kobolds
  3 quokkas
  13 ball pythons
  5 bats
  8 frilled lizards
  12 rats
121 creatures vanquished.

Notes
Turn   | Place    | Note
-------+----------+-------------------------------------------
     0 | D:1      | AlmostDecent the Formicid Hunter began the quest for the
                  | Orb.
     0 | D:1      | Reached XP level 1. HP: 16/16 MP: 1/1
    91 | D:1      | Found a faded altar of an unknown god.
   194 | D:1      | Reached XP level 2. HP: 15/22 MP: 2/2
   624 | D:1      | Reached XP level 3. HP: 28/28 MP: 3/3
  1004 | D:2      | Found a white marble altar of Elyvilon.
  1407 | D:3      | Reached XP level 4. HP: 34/34 MP: 4/4
  1423 | D:3      | Reached skill level 5 in Ranged Weapons
  1514 | D:3      | Identified the +9 dire flail of Doquasai {heavy, rPois rC+}
  1542 | D:3      | Reached XP level 5. HP: 41/41 MP: 5/5
  1954 | D:3      | Found a glowing drain.
  1968 | Sewer    | Entered a sewer
  1998 | Sewer    | Reached skill level 6 in Ranged Weapons
  2089 | Sewer    | Reached XP level 6. HP: 35/47 MP: 6/6
  2197 | Sewer    | Found a viscous altar of Jiyva.
  2584 | D:4      | Reached skill level 7 in Ranged Weapons
  2584 | D:4      | Reached skill level 1 in Armour
  2787 | D:4      | Reached XP level 7. HP: 48/52 MP: 7/7
  3073 | D:5      | Entered Level 5 of the Dungeon
  3143 | D:5      | Found a hazy altar of Hepliaklqana.
  3165 | D:5      | Found Cghuorew's Commerce Corner.
  3303 | D:5      | Noticed a water moccasin
  3321 | D:5      | Killed a water moccasin
  3322 | D:5      | Reached skill level 8 in Ranged Weapons
  3322 | D:5      | Reached XP level 8. HP: 28/60 MP: 8/8
  3491 | D:5      | Slain by an ogre

Illustrated notes

Levels and vault maps discovered:
D:1:      minmay_arrival_four_loops, layout_basic,
          shapermc_ecumenical_altar_mp_ritualfount, minivault_23,
          minmay_bisected
D:2:      layout_rooms, basic_altar
D:3:      cheibrodos_pilgrimage, layout_rooms, cheibrodos_sewer_entry_bend,
          chequers_decorated_corner
D:4:      layout_loops_corners, serial_bayou_lagoon_a
D:5:      lemuel_ice_spiral_2, layout_rooms, nicolae_hepliaklqana_hazy_memory,
          st_stairs_9, nicolae_alphabet_shops, kennysheep_windowed_goal,
          uniq_eustachio

Skill      XL: |  1  2  3  4  5  6  7 |
---------------+----------------------+-----
Dodging        | 2 |  2.3
Fighting       | 3 4 |  4.2
Ranged Weapons | 5 6 7 8 |  8.5
Armour         | 1 2 |  2.5
Stealth        | 2 |  2.1

Action                     |  1- 3 |  4- 6 |  7- 9 || total
---------------------------+-------+-------+-------++-------
   Fire: Shortbow          |    95 |   152 |    72 ||   319
Ability: Dig               |       |     1 |     5 ||     6
    Use: Potion            |       |       |     5 ||     5
 Armour: Leather armour    |    11 |    13 |    10 ||    34
  Dodge: Dodged            |    24 |    30 |    31 ||    85
